 Dungeon Crawl Stone Soup version 0.29-a0-892-g2c4c91d9db (webtiles) character file.

Game seed: 17136682397742200775

6 freelancePsychic the Ruffian (level 1, 16/16 HPs)
             Began as a Draconian Transmuter on July 23, 2022.
             Was a Plaything of Xom.
             Quit the game on level 1 of the Dungeon.
             The game lasted 00:00:51 (394 turns).

freelancePsychic the Ruffian (Draconian Transmuter)  Turns: 394, Time: 00:00:51

Health: 16/16      AC:  4    Str: 12    XL:     1   Next: 75%
Magic:  3/3        EV: 12    Int: 13    God:    Xom [..*...]
Gold:   38         SH:  0    Dex: 11    Spells: 3/4 levels left

rFire   . . .      SeeInvis .     - Unarmed
rCold   . . .      Faith    .   (no shield)
rNeg    . . .      Spirit   .   (body armour unavailable)
rPois   .          Reflect  .   (helmet restricted)
rElec   .          Harm     .   (no cloak)
rCorr   .          Rampage  .   (no gloves)
Will    .....                   (no boots)
Stlth   +.........              (no amulet)
HPRegen 0.05/turn               d - ring of flight
MPRegen 0.08/turn               (no ring)

@: flying
A: AC +4, unfitting armour, cold-blooded
a: Renounce Religion


You were on level 1 of the Dungeon.
You worshipped Xom.
You were a toy of Xom.
You visited 1 branch of the dungeon, and saw 1 of its levels.

You collected 38 gold pieces.

Inventory:

Jewellery
 d - a ring of flight (left hand)
Scrolls
 b - a scroll of enchant weapon {unknown}
 c - a scroll of immolation {unknown}
 e - a scroll of teleportation {unknown}
 g - a scroll of vulnerability {unknown}
Potions
 a - a potion of lignification
 f - a potion of brilliance {unknown}


   Skills:
 + Level 1.4 Fighting
 - Level 1.7 Dodging
 - Level 3.0 Unarmed Combat
 - Level 2.0 Spellcasting
 + Level 2.2 Transmutations
 + Level 0.6 Poison Magic


You had 3 spell levels left.
You knew the following spells:

 Your Spells              Type           Power      Damage    Failure   Level
a - Beastly Appendage     Tmut           14%        N/A       11%         1

Your spell library contained the following spells:

 Spells                   Type           Power      Damage    Failure   Level
 Wereblood                Tmut           7%         N/A       16%         2
 Magic Dart               Conj           4%         1d3       26%         1
 Call Imp                 Summ           1%         N/A       36%         2
 Spider Form              Tmut/Pois      4%         N/A       41%         3
 Mephitic Cloud           Conj/Pois/Air  1%         N/A       56%         3
 Ice Form                 Ice/Tmut       4%         N/A       85%         4


Dungeon Overview and Level Annotations

Branches:
Dungeon (1/15)

Altars:
Xom


Innate Abilities, Weirdness & Mutations

Your plain brown scales are hard. (AC +4)
You cannot fit into any form of body armour.
You are cold-blooded and may be slowed by cold attacks.


Message History

An endoplasm and a giant cockroach come into view.
Found a book of Minor Magic.
The endoplasm quivers.
You see here a scroll labelled DAITHOTHEBB.
There are monsters nearby!
You barely miss the endoplasm. The endoplasm closely misses you.
You hit the endoplasm.
The endoplasm is severely wounded.
The endoplasm freezes you.
You are frozen.
A shower of butterflies erupts from you!
You feel yourself slow down.
The giant cockroach barely misses your butterfly.
The endoplasm attacks as you move away! The endoplasm hits you.
The endoplasm closely misses you.
You hit the endoplasm.
You kill the endoplasm!
You closely miss the giant cockroach. The giant cockroach barely misses you.
The giant cockroach closely misses you.
You hit the giant cockroach.
The giant cockroach is heavily wounded.
The giant cockroach barely misses you. The giant cockroach misses you.
You hit the giant cockroach.
You kill the giant cockroach!
You feel yourself speed up.
You swap places.
g - a scroll labelled DAITHOTHEBB You see here a giant cockroach corpse.
You pick up a book of Minor Magic and begin reading...
You add the spells Magic Dart, Call Imp and Mephitic Cloud to your library.
Your butterfly disappears in a puff of smoke!
You now have 26 gold pieces (gained 7).
You now have 38 gold pieces (gained 12).
Found 9 stones.
You see here 4 stones.
You see here 2 stones.
Found 8 stones.
A jackal comes into view.
A jackal is nearby!
Are you sure you want to abandon this character and quit the game? (Confirm with "yes".)

##..>.8..##.#.# ####.#####.#
##.....h...###.# #.......##.#
##.....#.....##.# #.......##.#
##.....###.....#####.......##.#
##.....##
##.....###..........(# #.....##
##.....##........#### .....##
##.....#........# ....###
###....#........#
...##.#######.##@.....##.####
......................##.#
#####.....)##.........##.#
######.####....#####.# #.#
##.....##...# #.###....)..#.###
#....#........# #..##.........#
#..##......#..#


You could see a jackal (wandering).

Vanquished Creatures
  An endoplasm (D:1)
  A giant cockroach (D:1)
  2 kobolds (D:1)
  A ball python (D:1)
  A rat (D:1)
6 creatures vanquished.

Notes
Turn   | Place    | Note
-------+----------+-------------------------------------------
     0 | D:1      | freelancePsychic the Draconian Transmuter began the quest
                  | for the Orb.
     0 | D:1      | Reached XP level 1. HP: 16/16 MP: 3/3
   157 | D:1      | Found a faded altar of an unknown god.
   163 | D:1      | Prayed at the altar of an unknown god.
   163 | D:1      | Became a worshipper of Xom the Tricky
   184 | D:1      | XOM: butterfly on damage
   394 | D:1      | Quit the game

Illustrated notes

Levels and vault maps discovered:
D:1:      psy_arrival_spokes, layout_loops_ring, ebering_ecumenical_altar_box,
          serial_shops, nicolae_shop_crystal

Action                   || total
-------------------------++-------
Melee: Unarmed           ||    16
       Headbutt          ||     1
       Tailslap          ||     1
 Cast: Beastly Appendage ||     2
Armor: Skin              ||     2
Dodge: Dodged            ||    15

Table legend: (Time is in decaauts)
 A = Elapsed time spent in this place.
 B = Non-inter-level travel time spent in this place.
 C = Inter-level travel time spent in this place.
 D = Time resting spent in this place.
 E = Time spent auto-exploring this place.
 F = Levels seen in this place.
 G = Mean time per level.
                   A        B        C        D        E       F      G
               +--------+--------+--------+--------+--------+-----+--------+
         Total |    394 |    394 |      0 |      0 |    331 |   1 |  394.0 |
       Dungeon |    394 |    394 |      0 |      0 |    331 |   1 |  394.0 |
               +--------+--------+--------+--------+--------+-----+--------+

Top non-repeatable levels by time:
     D:1: 394 daAuts
